 Dungeon Crawl Stone Soup version 0.29.1-15-g9cfb28693d (webtiles) character file.

Game seed: 8588918583097949321

1663 HOAXBANE2 the Firebug (level 8, 0/37 HPs)
             Began as a Spriggan Artificer on Mar 18, 2023.
             Was an Initiate of Gozag.
             Killed by divine providence
             ... invoked by an orc priest
              (15 damage)
             ... on level 7 of the Dungeon.
             The game lasted 00:45:15 (8195 turns).

HOAXBANE2 the Firebug (Spriggan Artificer)          Turns: 8195, Time: 00:45:16

Health: 0/37       AC:  4    Str:  8    XL:     8   Next: 69%
Magic:  14/16      EV: 19    Int: 20    God:    Gozag
Gold:   521        SH:  0    Dex: 16    Spells: 9/17 levels left

rFire   + . .      SeeInvis +   E - +2 dagger (drain)
rCold   + . .      Faith    .   (no shield)
rNeg    . . .      Spirit   .   b - +2 robe
rPois   .          Reflect  .   (helmet restricted)
rElec   .          Harm     .   n - scarf {rC+ rF+}
rCorr   .          Rampage  .   (gloves unavailable)
Will    +....                   (boots unavailable)
Stlth   +++.......              (no amulet)
HPRegen 0.12/turn               p - +6 ring of intelligence
MPRegen 0.15/turn               (no ring)

@: very quick
A: very small, no large weapons, unfitting armour, see invisible, speed 3
a: Renounce Religion, Potion Petition, Call Merchant, Bribe Branch


You were on level 7 of the Dungeon.
You worshipped Gozag.
Gozag was pleased with you.
You visited 1 branch of the dungeon, and saw 7 of its levels.

You collected 556 gold pieces.
You paid 35 gold pieces to Gozag.

Inventory:

Hand Weapons
 i - a +1 dagger of freezing
 E - a +2 dagger of draining (weapon)
Missiles
 h - 13 poisoned darts
 D - a throwing net (quivered)
Armour
 b - a +2 robe (worn)
 n - a scarf of resistance (worn)
Magical Staves
 g - a staff of poison
 o - a staff of air
 q - a staff of conjuration
 y - a staff of cold
Jewellery
 p - a +6 ring of intelligence (left hand)
 r - a ring of ice
Wands
 c - a wand of flame (27)
 d - a wand of charming (15)
 e - a wand of iceblast (5)
 C - a wand of mindburst (16)
Scrolls
 k - a scroll of blinking {unknown}
 m - 3 scrolls of teleportation
 s - a scroll of amnesia {unknown}
 t - a scroll of magic mapping
 u - 2 scrolls of fog
 w - a scroll of brand weapon {unknown}
 x - a scroll of noise
Potions
 a - a potion of haste
 f - 4 potions of mutation
 j - 6 potions of curing
 l - a potion of heal wounds
 v - a potion of berserk rage {unknown}
 z - a potion of invisibility {unknown}
 A - 2 potions of brilliance {unknown}
 B - a potion of attraction {unknown}


   Skills:
 - Level 0.7 Fighting
 - Level 5.0 Dodging
 - Level 4.0 Stealth
 + Level 5.0 Spellcasting
 - Level 4.0 Conjurations
 - Level 3.0 Translocations
 - Level 6.0 Fire Magic
 - Level 4.0 Evocations


You had 9 spell levels left.
You knew the following spells:

 Your Spells              Type           Power      Damage    Failure   Level
a - Scorch                Fire           58%        2d8       1%          2
b - Foxfire               Conj/Fire      100%       2x1d9     1%          1
c - Conjure Flame         Conj/Fire      25%        6-21      4%          3
d - Blink                 Tloc           34%        N/A       4%          2

Your spell library contained the following spells:

 Spells                   Type           Power      Damage    Failure   Level
 Inner Flame              Hex/Fire       17%        N/A       10%         3
 Lesser Beckoning         Tloc           17%        N/A       10%         3
 Flame Wave               Conj/Fire      25%        2d8       14%         4
 Manifold Assault         Tloc           17%        N/A       67%         5
 Summon Cactus Giant      Summ           2%         N/A       100%        6


Dungeon Overview and Level Annotations

Branches:
Dungeon (7/15)
 Temple: D:4-7

Altars:
Gozag
Trog
Xom

Shops:
D:2 [*=:[

Annotations:
D:6 3 runed translucent doors, dandone's ghost, novice SpHu


Innate Abilities, Weirdness & Mutations

You are very small and have problems with some larger weapons.
You are too small for most types of armour.
You have supernaturally acute eyesight. (SInv)
You cover ground extremely quickly. (Speed+++)


Message History

Beogh smites you!
An orc comes into view. It is wielding a +0 short sword.
Casting: Foxfire (safe; 1% risk of failure)
Confirm with . or Enter, or press ? or * to list all spells.
You conjure some foxfire!
Your foxfire dissipates!
The foxfire hits the orc priest.
The orc priest is moderately wounded.
The orc priest casts a cantrip, but nothing happens.
Casting: Foxfire (safe; 1% risk of failure)
Confirm with . or Enter, or press ? or * to list all spells.
You conjure some foxfire!
The orc priest mumbles some strange prayers to Beogh against you.
Beogh smites you!
* * * LOW HITPOINT WARNING * * *
There is a stone staircase leading up here.
You climb upwards.
Level annotation: 3 runed translucent doors, dandone's ghost, novice SpHu
There is a stone staircase leading down here.
You start resting.
Magic restored.
You start resting.
HP restored.
You climb downwards.
There is a stone staircase leading up here.
An orc comes into view. It is wielding a +0 hand axe.
The orc shouts!
The orc priest hits you with a +0 war axe!
Casting: Foxfire (safe; 1% risk of failure)
Confirm with . or Enter, or press ? or * to list all spells.
Flames lash the orc priest.
The orc priest is severely wounded.
The orc priest's fire resistance burns away.
The orc priest mumbles some strange prayers to Beogh against you.
Beogh smites you!
There is a stone staircase leading up here.
The orc priest mumbles some strange prayers to Beogh against you.
Beogh smites you!
You die...
Your body crumbles into a pile of gold.

#..........##
#......$....# ..
#.#####.....###.
.. .. #...#......
. .##.
#..###....#
..##.#.
##.#.o.....
.......
##.$...#.#..
.......###.o...##
# #
#....#@#.....#
#...#.....# $
###.o.#####
#.o...# #..#..#
#..#.....
#..#.#...#
...#...### $
..####. .


You could see an orc priest (combustible) and an orc.

Vanquished Creatures
  A steam dragon (D:7)
  A water moccasin (D:6)
  An ogre (D:5)
  2 phantoms
  A centaur (D:5)
  A kobold brigand (D:6)
  A bullfrog (D:5)
  3 necrophages
  3 scorpions
  4 hounds
  2 jellies (D:5)
  3 orc priests
  A gnoll bouda (D:5)
  2 orc wizards (D:5)
  5 adders
  12 gnolls
  A white imp (D:6)
  2 ufetubi (D:6)
  4 worms
  2 dart slugs (D:3)
  10 orcs
  7 ball pythons
  5 bats
  4 endoplasms
  2 giant cockroaches
  6 goblins
  4 hobgoblins
  5 jackals
  5 quokkas
  2 frilled lizards
  8 kobolds
  3 rats
113 creatures vanquished.

Vanquished Creatures (others)
  186 foxfires
186 creatures vanquished.

Grand Total: 299 creatures vanquished

Notes
Turn   | Place    | Note
-------+----------+-------------------------------------------
     0 | D:1      | HOAXBANE2 the Spriggan Artificer began the quest for the
                  | Orb.
     0 | D:1      | Reached XP level 1. HP: 9/9 MP: 2/2
   593 | D:1      | Reached XP level 2. HP: 14/14 MP: 3/3
  1235 | D:2      | Found Erghynoe's Jewellery Shop.
  1300 | D:2      | Found Hotaytyo's Armour Shop.
  1346 | D:2      | Reached XP level 3. HP: 14/17 MP: 4/4
  1741 | D:2      | Found Dosu's Book Emporium.
  1849 | D:2      | Learned a level 2 spell: Scorch
  1941 | D:2      | Found Qurphu Ohuamp's Armour Emporium.
  2052 | D:2      | Found Joczyoro's Assorted Antiques.
  2524 | D:3      | Reached XP level 4. HP: 21/21 MP: 4/6
  2542 | D:3      | Reached skill level 1 in Spellcasting
  2810 | D:3      | Reached skill level 5 in Dodging
  2810 | D:3      | Reached skill level 1 in Fire Magic
  3019 | D:3      | Found a shimmering altar of Xom.
  3139 | D:3      | Found a shimmering altar of Xom.
  3140 | D:3      | Found a shimmering altar of Xom.
  3140 | D:3      | Found a shimmering altar of Xom.
  3140 | D:3      | Found a shimmering altar of Xom.
  3141 | D:3      | Found a shimmering altar of Xom.
  3428 | D:3      | Found a shimmering altar of Xom.
  3799 | D:4      | Found an opulent altar of Gozag.
  3801 | D:4      | Found a bloodstained altar of Trog.
  3813 | D:4      | Became a worshipper of Gozag Ym Sagoz the Greedy
  3852 | D:4      | Learned a level 1 spell: Foxfire
  3873 | D:4      | Reached XP level 5. HP: 25/25 MP: 4/9
  4143 | D:4      | Reached skill level 2 in Fire Magic
  4451 | D:5      | Entered Level 5 of the Dungeon
  4503 | D:4      | Reached skill level 3 in Fire Magic
  4592 | D:5      | Reached XP level 6. HP: 29/29 MP: 5/10
  4667 | D:5      | Reached skill level 4 in Fire Magic
  5090 | D:5      | Reached XP level 7. HP: 16/32 MP: 4/11
  5092 | D:5      | Reached skill level 5 in Fire Magic
  5287 | D:5      | Learned a level 3 spell: Conjure Flame
  5565 | D:5      | Reached skill level 1 in Conjurations
  5993 | D:5      | Learned a level 2 spell: Blink
  6008 | D:6      | Reached skill level 1 in Translocations
  6235 | D:5      | Reached skill level 6 in Fire Magic
  6235 | D:5      | Reached XP level 8. HP: 35/37 MP: 1/12
  7629 | D:6      | Found a runed translucent gate.
  7629 | D:6      | Found a runed translucent gate.
  7630 | D:6      | Found a runed translucent gate.
  7630 | D:6      | Noticed dandone's ghost (novice SpHu)
  7630 | D:6      | Noticed a kobold demonologist
  7872 | D:7      | Reached skill level 5 in Spellcasting
  8195 | D:7      | Killed from afar by an orc priest

Illustrated notes

Levels and vault maps discovered:
D:1:      reono_arrival_mine, layout_basic, chequers_serial_rivers_small_3
D:2:      layout_loops_ring, serial_shops, shop, shop, nicolae_shop_waterfront,
          nicolae_shop_trees, nicolae_shop_statue_plus
D:3:      layout_rooms, xom_redecorated, kennysheep_cross_room
D:4:      layout_loops_ring, grunt_temple_overflow_open, dk_noncrumbling_4
D:5:      layout_cave_pods, kennysheep_generic_room_12
D:6:      layout_cave_pools, gammafunk_ghost_nasty_kobolds
D:7:      layout_cave_pools, minmay_temple_entry_glass, hangedman_decor_push,
          kennysheep_cross_bottleneck, minmay_the_grid_2x2
          [minmay_the_grid_dragon_a, minmay_the_grid_all_tris,
          minmay_the_grid_pillar_ring, minmay_the_grid_prize_four_corners]

Skill      XL: |  1  2  3  4  5  6  7  8 |
---------------+-------------------------+-----
Stealth        | 2 3 4 |  4.0
Dodging        | 4 5 |  5.0
Spellcasting   | 2 5 |  5.0
Fire Magic     | 1 3 4 6 |  6.0
Conjurations   | 1 4 |  4.0
Translocations | 2 3 |  3.0
Fighting       | |  0.7
Evocations     | |  4.0

Action                   |  1- 3 |  4- 6 |  7- 9 || total
-------------------------+-------+-------+-------++-------
Melee: Dagger            |    88 |    42 |     5 ||   135
       Punch             |     3 |       |     1 ||     4
Throw: Stone             |     6 |       |       ||     6
       Dart              |     5 |     1 |    12 ||    18
 Cast: Scorch            |       |    38 |    38 ||    76
       Foxfire           |       |    25 |    85 ||   110
       Conjure Flame     |       |       |     4 ||     4
       Blink             |       |       |     1 ||     1
Evoke: Wand              |     2 |     3 |     3 ||     8
  Use: Scroll            |     4 |     5 |     2 ||    11
 Stab: Sleeping          |    12 |     2 |       ||    14
Armor: Robe              |     7 |     4 |     4 ||    15
Dodge: Dodged            |    65 |    40 |    54 ||   159
